 Dungeon Sprint DCSS version 0.32-a0-909-gc671339a80 (webtiles) character file.

Game seed: 590439395710835135

3000000 Griffin23 the Axe Maniac (level 22, -31/212 HPs)
             Began as a Formicid Warper on Apr 6, 2024.
             Was the Champion of Makhleb.
             Annihilated by a destroyer
             ... wielding a +9 heavy great sword
              (217 damage)
             ... in the Dungeon (Sprint VIII: "Arena of Blood").
             The game lasted 00:02:17 (30 turns).

Griffin23 the Axe Maniac (Formicid Warper)            Turns: 30, Time: 00:02:18

Health: -31/212    AC:  6    Str: 20    XL:     22   Next: 5%
Magic:  8/53       EV: 28    Int: 16    God:    Makhleb [******]
Gold:   0          SH:  0    Dex: 17    Spells: 75/75 levels left

rFire   . . .        g - +∞ Axe of Woe
rCold   . . .        (no shield)
rNeg    . . .        b - +0 leather armour
rPois   .            (helmet unavailable)
rElec   .            (no cloak)
rCorr   .            (no gloves)
SInv    +            (no boots)
Will    ++...        (no amulet)
Stlth   ++++++       (no ring)
HPRegen 0.55/turn    (no ring)
MPRegen 0.33/turn

%: no passive effects
@: no status effects
A: permanent stasis, dig shafts and tunnels, antennae 3, four strong arms
a: Dig, Renounce Religion, Minor Destruction, Lesser Servant of Makhleb, Major
Destruction, Greater Servant of Makhleb


You were in the Dungeon.
You worshipped Makhleb.
Makhleb was exalted by your worship.
You visited 1 branch

Inventory:

Hand Weapons
 a - a +0 hand axe
 g - the +∞ Axe of Woe (weapon)
   (You found it in the Dungeon)
Missiles
 c - 7 darts of dispersal (quivered)
Armour
 b - a +0 leather armour (worn)
Jewellery
 h - a +200 ring of slaying
Potions
 d - a potion of curing
 e - a potion of heal wounds
 f - 2 potions of magic


   Skills:
 O Level 27 Fighting
 O Level 27 Axes
 + Level 12.6(21.3) Maces & Flails
 + Level 12.6(21.4) Polearms
 O Level 27 Throwing
 O Level 27 Armour
 O Level 27 Dodging
 + Level 15.6 Stealth
 + Level 12.2 Unarmed Combat
 O Level 27 Spellcasting
 O Level 27 Translocations
 * Level 20.4 Invocations


You had 75 spell levels left.
You didn't know any spells.
Your spell library contained the following spells:

 Spells                   Type           Power      Damage    Failure   Level
 Lesser Beckoning         Tloc           100%       N/A       0%          2
 Teleport Other           Tloc           82%        N/A       0%          3
 Blink                    Tloc           Unusable   N/A       N/A         2
 Maxwell's Portable Pile  Tloc           Unusable   2d(13-38) N/A         3
 Vhi's Electric Charge    Tloc/Air       Unusable   N/A       N/A         4

Dungeon Overview and Level Annotations

Branches:
Dungeon (1/1)

Altars:
Makhleb


Innate Abilities, Weirdness & Mutations

You cannot be hasted, slowed, berserked, paralysed or teleported.
You can dig through walls and to a lower floor.
You have a pair of large antennae on your head. (SInv)
Your four strong arms can wield two-handed weapons with a shield.


Message History

The bag of meat is engulfed in blazing flames. x2
Your base Maces & Flails skill gained 2 levels and is now at level 11!
Your base Polearms skill gained 2 levels and is now at level 11!
Your Stealth skill gained 2 levels and is now at level 13!
Your Unarmed Combat skill increases to level 10!
Your Invocations skill gained 3 levels and is now at level 18!
Unknown command.
Unknown command.
Unknown command.
You slice the bag of meat!! You chop the bag of meat into pieces.
You kill the bag of meat!
Makhleb accepts your kill.
You feel better.
You hit the bag of meat but do no damage.
You dissect the bag of meat like a pig carcass.
You kill the bag of meat!
Makhleb accepts your kill.
You are engulfed in blazing flames.
A bag of meat comes into view. It is wielding a +9 war axe. x2
The meat berserker rages.
Your base Maces & Flails skill increases to level 12!
Your base Polearms skill increases to level 12!
Your Stealth skill gained 2 levels and is now at level 15!
Your Unarmed Combat skill gained 2 levels and is now at level 12!
Your Invocations skill gained 2 levels and is now at level 20!
You have reached level 22!
Unknown command.
You are engulfed in blazing flames.
The bag of meat is engulfed in blazing flames.
A meat berserker comes into view. It is wielding a +9 battleaxe.
The meat berserker rages.
A bag of meat comes into view. It is wielding a +9 war axe.
The bag of meat is engulfed in blazing flames.
A bag of meat comes into view. It is wielding a +9 war axe.
The bag of meat is engulfed in blazing flames.
The meat berserker is engulfed in blazing flames.
The destroyer is engulfed in blazing flames.
The destroyer hits you with a +9 heavy great sword!!!!!
Ouch! That really hurt!
You die...

o....#.#....o.
.............####.
....oo............
.....o....o.o.....
.......o.oo.O.....
.......o§§o.......
{{#......)#ooV......
{ #......o§O@.......
.###......)###o......
......###))).........
o....._.).).o.......
.#.....#)......#.#
#_.<._#..{.......
#.....#.oO...#.#.
......_........o.O.
......###.........


You could see a destroyer, 3 meat berserkers and 16 bags of meat.

Vanquished Creatures
  2 vampire knights (D)
  9 ogres (D)
  2 two-headed ogres (D)
  25 orcs (D)
38 creatures vanquished.

Notes
Turn   | Place    | Note
-------+----------+-------------------------------------------
     0 | D        | Found the +∞ Axe of Woe
     0 | D        | Griffin23 the Formicid Warper began the quest for the Orb.
     0 | D        | Reached XP level 1. HP: 16/16 MP: 3/3
     2 | D        | Noticed a bag of meat
     2 | D        | Noticed a bag of meat
     2 | D        | Noticed a bag of meat
     3 | D        | Noticed a bag of meat
     4 | D        | Became a worshipper of Makhleb the Destroyer
     4 | D        | Noticed a bag of meat
     4 | D        | Noticed a bag of meat
     5 | D        | Noticed a bag of meat
     6 | D        | Noticed a bag of meat
     6 | D        | Noticed a meat berserker
     6 | D        | Noticed a bag of meat
     7 | D        | Killed a bag of meat
     7 | D        | Killed a bag of meat
     7 | D        | Reached * piety under Makhleb
     8 | D        | Reached XP level 2. HP: 37/37 MP: 3/15
     8 | D        | Reached XP level 3. HP: 43/43 MP: 3/17
     8 | D        | Reached XP level 4. HP: 50/50 MP: 3/18
     8 | D        | Reached XP level 5. HP: 56/56 MP: 3/20
     8 | D        | Reached XP level 6. HP: 62/62 MP: 3/21
     8 | D        | Reached XP level 7. HP: 68/68 MP: 3/23
     8 | D        | Reached XP level 8. HP: 75/75 MP: 3/24
     8 | D        | Reached XP level 9. HP: 81/81 MP: 3/25
     8 | D        | Reached XP level 10. HP: 88/88 MP: 3/26
     8 | D        | Reached XP level 11. HP: 93/93 MP: 3/27
     8 | D        | Reached XP level 12. HP: 100/100 MP: 3/28
     8 | D        | Killed a bag of meat
     8 | D        | Noticed a bag of meat
     9 | D        | Reached skill level 5 in Throwing
     9 | D        | Reached skill level 10 in Dodging
     9 | D        | Reached XP level 13. HP: 109/109 MP: 3/30
     9 | D        | Killed a bag of meat
     9 | D        | Noticed a bag of meat
     9 | D        | Noticed a bag of meat
     9 | D        | Noticed a bag of meat
    10 | D        | Reached skill level 15 in Axes
    10 | D        | Killed a bag of meat
    10 | D        | Reached ** piety under Makhleb
    10 | D        | Killed a bag of meat
    10 | D        | Killed a meat berserker
    10 | D        | Killed a bag of meat
    10 | D        | Reached *** piety under Makhleb
    10 | D        | Killed a bag of meat
    10 | D        | Noticed a bag of meat
    10 | D        | Noticed a bag of meat
    10 | D        | Noticed a meat berserker
    11 | D        | Reached XP level 14. HP: 128/128 MP: 3/34
    11 | D        | Reached XP level 15. HP: 134/134 MP: 3/35
    13 | D        | Noticed a meat berserker
    14 | D        | Noticed a destroyer
    14 | D        | Noticed a destroyer
    14 | D        | Noticed a meat berserker
    14 | D        | Noticed a meat berserker
    14 | D        | Noticed a meat berserker
    14 | D        | Noticed a meat berserker
    16 | D        | Noticed a meat berserker
    16 | D        | Killed a meat berserker
    16 | D        | Reached **** piety under Makhleb
    17 | D        | Reached skill level 15 in Armour
    17 | D        | Reached skill level 15 in Dodging
    17 | D        | Reached XP level 16. HP: 141/145 MP: 5/38
    17 | D        | Killed a destroyer
    17 | D        | Noticed a large bag of meat
    18 | D        | Reached skill level 15 in Throwing
    18 | D        | Reached XP level 17. HP: 106/155 MP: 5/40
    18 | D        | Killed a meat berserker
    18 | D        | Killed a meat berserker
    18 | D        | Reached ***** piety under Makhleb
    19 | D        | Reached XP level 18. HP: 166/166 MP: 5/42
    19 | D        | Killed a meat berserker
    19 | D        | Killed a meat berserker
    20 | D        | Reached skill level 27 in Axes
    20 | D        | Reached XP level 19. HP: 180/180 MP: 5/45
    20 | D        | Noticed a meat berserker
    21 | D        | Noticed a large bag of meat
    21 | D        | Killed a meat berserker
    21 | D        | Reached ****** piety under Makhleb
    22 | D        | Killed a meat berserker
    23 | D        | Reached XP level 20. HP: 195/195 MP: 6/48
    23 | D        | Killed a destroyer
    24 | D        | Reached skill level 27 in Fighting
    24 | D        | Reached skill level 27 in Translocations
    24 | D        | Noticed a meat berserker
    26 | D        | Killed a large bag of meat
    26 | D        | Noticed a meat berserker
    27 | D        | Reached skill level 27 in Throwing
    27 | D        | Reached skill level 27 in Armour
    27 | D        | Reached skill level 27 in Spellcasting
    27 | D        | Reached XP level 21. HP: 157/204 MP: 7/52
    27 | D        | Killed a meat berserker
    27 | D        | Killed a large bag of meat
    27 | D        | Noticed a destroyer
    28 | D        | Reached skill level 27 in Dodging
    28 | D        | Reached skill level 15 in Invocations
    29 | D        | Reached skill level 10 in Unarmed Combat
    30 | D        | Reached skill level 15 in Stealth
    30 | D        | Reached XP level 22. HP: 196/212 MP: 8/53
    30 | D        | Noticed a meat berserker
    30 | D        | Annihilated by a destroyer

Illustrated notes

Levels and vault maps discovered:
D:        meatsprint

Skill      XL: |  1  2  3  4  5  6  7  8  9 10 11 12 13 14 15 16 17 18 19 20 21 |
---------------+----------------------------------------------------------------+-----
Fighting       | 11 12 17 18 19 21 23 26 27 | 27.0
Axes           | 12 14 20 22 23 25 27 | 27.0
Throwing       | 3 5 12 14 15 17 20 22 27 | 27.0
Armour         | 3 6 13 15 17 19 21 24 27 | 27.0
Dodging        | 9 10 14 15 16 18 19 22 26 27 | 27.0
Spellcasting   | 12 13 16 18 19 20 22 24 27 | 27.0
Translocations | 18 20 21 22 23 24 26 27 | 27.0
Maces & Flails | 12 | 12.6
Polearms       | 12 | 12.6
Stealth        | 15 | 15.6
Unarmed Combat | 12 | 12.2
Invocations    | 20 | 20.4

Action                     |  1- 3 |  4- 6 |  7- 9 | 10-12 | 13-15 | 16-18 | 19-21 | 22-24 || total
---------------------------+-------+-------+-------+-------+-------+-------+-------+-------++-------
  Melee: Executioner's axe |     1 |       |       |     1 |     3 |     3 |     8 |       ||    16
Ability: Dig               |       |       |       |       |     1 |       |       |       ||     1
 Armour: Leather armour    |       |       |       |       |     2 |     1 |     6 |     2 ||    11

Table legend: (Time is in decaauts)
 A = Elapsed time spent in this place.
 B = Non-inter-level travel time spent in this place.
 C = Inter-level travel time spent in this place.
 D = Time resting spent in this place.
 E = Time spent auto-exploring this place.
 F = Levels seen in this place.
 G = Mean time per level.
                   A        B        C        D        E       F      G
               +--------+--------+--------+--------+--------+-----+--------+
         Total |     27 |     27 |      0 |      0 |      0 |   1 |   27.0 |
       Dungeon |     27 |     27 |      0 |      0 |      0 |   1 |   27.0 |
               +--------+--------+--------+--------+--------+-----+--------+

Top non-repeatable levels by time:
       D: 27 daAuts
